 Dungeon Sprint DCSS version 0.26-a0-739-gf55cbd344a (webtiles) character file.

Game seed: 10755702351486706915

663 rocky1 the Magician (level 7, -1/57 HPs)
             Began as a Gnoll Fire Elementalist on Nov 6, 2020.
             Was a High Priest of Cheibriados.
             Slain by a black mamba (11 damage)
             ... in the Dungeon (Sprint VII: "The Pits").
             The game lasted 00:04:10 (440 turns).

rocky1 the Magician (Gnoll Fire Elementalist)        Turns: 440, Time: 00:04:12

Health: -1/57      AC:  2    Str: 24    XL:     7   Next: 56%
Magic:  15/18      EV: 20    Int: 31    God:    Cheibriados [*****.]
Gold:   0          SH:  0    Dex: 29    Spells: 11/21 levels left

rFire    . . .     SeeInvis .   l - +2 quarterstaff
rCold    . . .     Faith    .   (shield currently unavailable)
rNeg     . . .     Spirit   .   a - +0 robe
rPois    .         Reflect  .   (no helmet)
rElec    .         Harm     .   (no cloak)
rCorr    .         Rampage  .   (no gloves)
MR       .....     NoTele   +   (no boots)
Stlth    ++++......             (no amulet)
HPRegen  0.19/turn              (no ring)
MPRegen  0.16/turn              (no ring)

@: very slow
A: distributed training, fangs 1, strong nose
a: Bend Time, Temporal Distortion, Slouch, Step From Time, Renounce Religion


You were in the Dungeon.
You worshipped Cheibriados.
Cheibriados was extremely pleased with you.
You visited 1 branch

Inventory:

Hand Weapons
 l - a +2 quarterstaff (weapon)
 m - a +2 vorpal falchion
 n - a +2 long sword of flaming
 o - a +5 hand axe of freezing
Armour
 a - a +0 robe (worn)
Scrolls
 h - a scroll of blinking
 i - 3 scrolls of remove curse
 j - 5 scrolls of amnesia
 k - a scroll of summoning
Potions
 b - 2 potions of invisibility
 c - 4 potions of curing
 d - 6 potions of heal wounds
 e - a potion of haste
 f - 4 potions of magic
 g - 3 potions of berserk rage
 p - a potion of mutation {unknown}


   Skills:
 + Level 5.6 Fighting
 + Level 5.6 Short Blades
 + Level 5.6 Long Blades
 + Level 5.6 Axes
 + Level 5.6 Maces & Flails
 + Level 5.6 Polearms
 + Level 5.6 Staves
 + Level 5.6 Slings
 + Level 5.6 Bows
 + Level 5.6 Crossbows
 + Level 5.6 Throwing
 + Level 5.6 Armour
 + Level 7.3 Dodging
 + Level 7.1 Stealth
 + Level 5.6 Shields
 + Level 5.6 Unarmed Combat
 + Level 7.6 Spellcasting
 + Level 5.2 Conjurations
 + Level 4.6 Hexes
 + Level 4.6 Summonings
 + Level 4.6 Necromancy
 + Level 4.6 Translocations
 + Level 4.6 Transmutations
 + Level 7.3 Fire Magic
 + Level 4.6 Ice Magic
 + Level 4.6 Air Magic
 + Level 4.6 Earth Magic
 + Level 4.6 Poison Magic
 + Level 6.2 Invocations
 + Level 5.6 Evocations


You had 11 spell levels left.
You knew the following spells:

 Your Spells              Type           Power        Failure   Level
a - Foxfire               Conj/Fire      ####         1%          1
b - Sticky Flame          Conj/Fire      ######..     3%          4
c - Fireball              Conj/Fire      ######....   9%          5

Your spell library contained the following spells:

 Spells                   Type           Power        Failure   Level
 Conjure Flame            Conj/Fire      ######..     1%          3
 Inner Flame              Hex/Fire       #####...     1%          3


Dungeon Overview and Level Annotations

Branches:
Dungeon (1/1)

Altars:
Ashenzari
Cheibriados
Dithmenos
Elyvilon
Fedhas
Gozag
Hepliaklqana
Kikubaaqudgha
Makhleb
Nemelex Xobeh
Okawaru
Qazlal
Ru
Sif Muna
Trog
Uskayaw
Vehumet
Wu Jian
Xom
Yredelemnul
Zin
The Shining One
Beogh
Jiyva
Lugonu


Innate Abilities, Weirdness & Mutations

Your experience applies equally to all skills.
You have very sharp teeth.
Your uncanny sense of smell can sniff out nearby items.


Message History

You conjure some foxfire!
The black mamba misses you.
The black mamba bites you but does no damage.
Casting: Foxfire (safe; 1% risk of failure)
Confirm with . or Enter, or press ? or * to list all spells.
You conjure some foxfire!
The black mamba closely misses you. The black mamba misses you.
Unknown command.
You barely miss the black mamba.
You bite the black mamba, but do no damage.
The black mamba is moderately wounded.
The foxfire hits the black mamba but does no damage.
The black mamba is moderately wounded.
The foxfire hits the black mamba.
The black mamba is heavily wounded.
The foxfire hits the black mamba.
The black mamba is heavily wounded.
The black mamba bites you!
* * * LOW HITPOINT WARNING * * *
The black mamba bites you!
You die...

#÷#..#.).)[##.......#
#'###########.......#
#..#.#.## #########
#.......# ##÷#.#.##
∆∆∆∆ #.......#+# ∆∆
##.#.#.##.+ ∆∆
#.....§.#'# ∆∆
##.#.#§@S.# ∆
##########


You could see a black mamba.

Vanquished Creatures
  Grinder (D)
  A warg (D)
  A floating eye (D)
  A sky beast (D)
  A wolf (D)
  A jelly (D)
  An orc wizard (D)
  An ufetubus (D)
  An ooze (D)
  A worm (D)
  A leopard gecko (D)
  3 orcs (D)
  A ball python (D)
  A bat zombie (D)
  A giant cockroach (D)
  A frilled lizard (D)
  A kobold (D)
19 creatures vanquished.

Vanquished Creatures (others)
  38 foxfires (D)
38 creatures vanquished.

Grand Total: 57 creatures vanquished

Notes
Turn   | Place    | Note
-------+----------+-------------------------------------------
     0 | D        | rocky1 the Gnoll Fire Elementalist began the quest for the
                  | Orb.
     0 | D        | Reached XP level 1. HP: 13/13 MP: 6/6
    46 | D        | Found a bloodstained altar of Trog.
    46 | D        | Found a shimmering blue altar of Sif Muna.
    46 | D        | Found a viscous altar of Jiyva.
    46 | D        | Found a hazy altar of Hepliaklqana.
    46 | D        | Found an opulent altar of Gozag.
    47 | D        | Found a glowing golden altar of the Shining One.
    47 | D        | Found a glowing silver altar of Zin.
    47 | D        | Found a basalt altar of Yredelemnul.
    47 | D        | Found a shimmering altar of Xom.
    47 | D        | Found an ornate altar of the Wu Jian Council.
    47 | D        | Found a sacrificial altar of Ru.
    47 | D        | Found a stormy altar of Qazlal.
    47 | D        | Found an iron altar of Okawaru.
    47 | D        | Found a sparkling altar of Nemelex Xobeh.
    47 | D        | Found a burning altar of Makhleb.
    47 | D        | Found a blossoming altar of Fedhas.
    47 | D        | Found a white marble altar of Elyvilon.
    47 | D        | Found a shadowy altar of Dithmenos.
    47 | D        | Found a snail-covered altar of Cheibriados.
    49 | D        | Found a radiant altar of Vehumet.
    49 | D        | Found a corrupted altar of Lugonu.
    49 | D        | Found a roughly hewn altar of Beogh.
    50 | D        | Found a hide-covered altar of Uskayaw.
    50 | D        | Found an ancient bone altar of Kikubaaqudgha.
    50 | D        | Found a broken altar of Ashenzari.
    62 | D        | Became a worshipper of Cheibriados the Contemplative
    83 | D        | Reached * piety under Cheibriados
   109 | D        | Reached skill level 5 in Spellcasting
   109 | D        | Reached skill level 1 in Invocations
   110 | D        | Reached ** piety under Cheibriados
   110 | D        | Reached skill level 1 in Fighting
   110 | D        | Reached skill level 1 in Short Blades
   110 | D        | Reached skill level 1 in Long Blades
   110 | D        | Reached skill level 1 in Axes
   110 | D        | Reached skill level 1 in Maces & Flails
   110 | D        | Reached skill level 1 in Polearms
   110 | D        | Reached skill level 1 in Staves
   110 | D        | Reached skill level 1 in Slings
   110 | D        | Reached skill level 1 in Bows
   110 | D        | Reached skill level 1 in Crossbows
   110 | D        | Reached skill level 1 in Throwing
   110 | D        | Reached skill level 1 in Armour
   110 | D        | Reached skill level 1 in Shields
   110 | D        | Reached skill level 1 in Unarmed Combat
   110 | D        | Reached skill level 1 in Evocations
   121 | D        | Noticed an orc wizard
   122 | D        | Reached XP level 2. HP: 21/21 MP: 5/8
   122 | D        | Reached *** piety under Cheibriados
   122 | D        | Reached skill level 1 in Hexes
   122 | D        | Reached skill level 1 in Summonings
   122 | D        | Reached skill level 1 in Necromancy
   122 | D        | Reached skill level 1 in Translocations
   122 | D        | Reached skill level 1 in Transmutations
   122 | D        | Reached skill level 1 in Ice Magic
   122 | D        | Reached skill level 1 in Air Magic
   122 | D        | Reached skill level 1 in Earth Magic
   122 | D        | Reached skill level 1 in Poison Magic
   127 | D        | Reached skill level 5 in Dodging
   127 | D        | Reached XP level 3. HP: 25/27 MP: 2/9
   129 | D        | Reached **** piety under Cheibriados
   134 | D        | Noticed a floating eye
   140 | D        | Killed a floating eye
   140 | D        | Reached skill level 5 in Stealth
   140 | D        | Reached XP level 4. HP: 35/35 MP: 1/12
   140 | D        | Reached XP level 5. HP: 41/41 MP: 1/13
   215 | D        | Noticed Grinder
   220 | D        | Noticed a sky beast
   223 | D        | Noticed a wolf
   224 | D        | Noticed a warg
   228 | D        | Killed a wolf
   228 | D        | Reached ***** piety under Cheibriados
   228 | D        | Reached XP level 6. HP: 44/48 MP: 9/15
   228 | D        | Killed a warg
   228 | D        | Reached skill level 5 in Invocations
   230 | D        | Killed a sky beast
   230 | D        | Reached skill level 5 in Fighting
   230 | D        | Reached skill level 5 in Short Blades
   230 | D        | Reached skill level 5 in Long Blades
   230 | D        | Reached skill level 5 in Axes
   230 | D        | Reached skill level 5 in Maces & Flails
   230 | D        | Reached skill level 5 in Polearms
   230 | D        | Reached skill level 5 in Staves
   230 | D        | Reached skill level 5 in Slings
   230 | D        | Reached skill level 5 in Bows
   230 | D        | Reached skill level 5 in Crossbows
   230 | D        | Reached skill level 5 in Throwing
   230 | D        | Reached skill level 5 in Armour
   230 | D        | Reached skill level 5 in Shields
   230 | D        | Reached skill level 5 in Unarmed Combat
   230 | D        | Reached skill level 5 in Evocations
   230 | D        | Reached XP level 7. HP: 43/56 MP: 5/17
   232 | D        | Killed Grinder
   232 | D        | Reached skill level 5 in Conjurations
   386 | D        | Learned a level 4 spell: Sticky Flame
   392 | D        | Learned a level 5 spell: Fireball
   430 | D        | Noticed a black mamba
   440 | D        | Slain by a black mamba

Illustrated notes

Levels and vault maps discovered:
D:        pitsprint [storerooms_1, entrance_room_1, metal_vault_8, armoury_3,
          mini_pit_1, grid_room_1, main_hall_1, silver_pit, the_coven_1,
          the_vestibule_1, steel_vault_3, golden_pit, hallway_of_sentries,
          crystal_vault_4, iron_vault_1, final_vault]

Skill      XL: |  1  2  3  4  5  6  7 |
---------------+----------------------+-----
Conjurations   | 2 3 4 5 |  5.2
Spellcasting   | 5 6 7 |  7.6
Invocations    | 1 2 3 4 5 6 |  6.2
Fighting       | 1 2 3 4 5 |  5.6
Short Blades   | 1 2 3 4 5 |  5.6
Long Blades    | 1 2 3 4 5 |  5.6
Axes           | 1 2 3 4 5 |  5.6
Maces & Flails | 1 2 3 4 5 |  5.6
Polearms       | 1 2 3 4 5 |  5.6
Staves         | 1 2 3 4 5 |  5.6
Slings         | 1 2 3 4 5 |  5.6
Bows           | 1 2 3 4 5 |  5.6
Crossbows      | 1 2 3 4 5 |  5.6
Throwing       | 1 2 3 4 5 |  5.6
Armour         | 1 2 3 4 5 |  5.6
Shields        | 1 2 3 4 5 |  5.6
Unarmed Combat | 1 2 3 4 5 |  5.6
Evocations     | 1 2 3 4 5 |  5.6
Hexes          | 1 2 3 4 |  4.6
Summonings     | 1 2 3 4 |  4.6
Necromancy     | 1 2 3 4 |  4.6
Translocations | 1 2 3 4 |  4.6
Transmutations | 1 2 3 4 |  4.6
Ice Magic      | 1 2 3 4 |  4.6
Air Magic      | 1 2 3 4 |  4.6
Earth Magic    | 1 2 3 4 |  4.6
Poison Magic   | 1 2 3 4 |  4.6
Dodging        | 5 6 7 |  7.3
Stealth        | 5 6 7 |  7.1
Fire Magic     | 6 7 |  7.3

Action                   |  1- 3 |  4- 6 |  7- 9 || total
-------------------------+-------+-------+-------++-------
Melee: Quarterstaff      |     9 |     2 |     5 ||    16
       Bite              |     1 |       |     1 ||     2
 Cast: Foxfire           |    11 |     5 |     9 ||    25
Invok: Slouch            |       |     1 |       ||     1
  Use: Potion            |       |       |     2 ||     2
 Stab: Sleeping          |     1 |       |       ||     1
Armor: Robe              |       |       |     1 ||     1
Dodge: Dodged            |    15 |     6 |    12 ||    33

Table legend: (Time is in decaauts)
 A = Elapsed time spent in this place.
 B = Non-inter-level travel time spent in this place.
 C = Inter-level travel time spent in this place.
 D = Time resting spent in this place.
 E = Time spent auto-exploring this place.
 F = Levels seen in this place.
 G = Mean time per level.
                   A        B        C        D        E       F      G
               +--------+--------+--------+--------+--------+-----+--------+
         Total |    539 |    539 |      0 |    162 |      0 |   1 |  539.0 |
       Dungeon |    539 |    539 |      0 |    162 |      0 |   1 |  539.0 |
               +--------+--------+--------+--------+--------+-----+--------+

Top non-repeatable levels by time:
       D: 539 daAuts
